 Dungeon Crawl Stone Soup version 0.31.0-32-g396128a36d (webtiles) character file.

Game seed: 16648667904474169989

117 PaiMei the Grave Robber (level 4, -8/33 HPs)
             Began as a Demonspawn Necromancer on Mar 27, 2024.
             Mangled by Blork the orc
             ... wielding a +0 dire flail
              (10 damage)
             ... on level 4 of the Dungeon.
             The game lasted 00:04:19 (3278 turns).

PaiMei the Grave Robber (Demonspawn Necromancer)    Turns: 3278, Time: 00:04:19

Health: -8/33      AC: -2    Str:  8    XL:     4   Next: 71%
Magic:  1/8        EV: 12    Int: 17    God:
Gold:   181        SH:  0    Dex: 14    Spells: 4/8 levels left

rFire   . . .        i - +0 spear
rCold   . . .        (no shield)
rNeg    . . .        a - +0 robe
rPois   .            (helmet restricted)
rElec   .            (no cloak)
rCorr   .            (no gloves)
SInv    .            (no boots)
Will    .....        (no amulet)
Stlth   ++           (no ring)
HPRegen 0.25/turn    (no ring)
MPRegen 0.11/turn

%: no passive effects
@: corroded
A: antennae 1, hooves 1
a: no special abilities


You were on level 4 of the Dungeon.
You visited 1 branch of the dungeon, and saw 4 of its levels.

You collected 181 gold pieces.

Inventory:

Hand Weapons
 i - a +0 spear (weapon)
Missiles
 e - 8 poisoned darts
 l - 5 darts of dispersal (quivered)
Armour
 a - a +0 robe (worn)
 q - the orb "Qiotiwk" {mayhem, Harm Str+6 Int-2}
   (You found it on level 3 of the Dungeon)

   Str+6:     It affects your strength (+6).
   Int-2:     It affects your intelligence (-2).
   Harm:      It increases damage dealt and taken.
Scrolls
 g - 6 scrolls of identify {unknown}
 h - 2 scrolls of summoning {unknown}
 k - a scroll of teleportation {unknown}
 n - a scroll of poison {unknown}
 o - a scroll of noise {unknown}
Potions
 b - a potion of magic
 c - a potion of berserk rage {unknown}
 d - 2 potions of heal wounds {unknown}
 f - 2 potions of brilliance {unknown}
 j - 2 potions of attraction {unknown}
 m - a potion of cancellation {unknown}
 p - a potion of curing {unknown}


   Skills:
 + Level 1.7 Fighting
 + Level 2.7 Dodging
 - Level 2.0 Stealth
 + Level 2.8 Spellcasting
 + Level 5.0 Necromancy


You had 4 spell levels left.
You knew the following spells:

 Your Spells              Type           Power      Damage    Failure   Level
a - Necrotise             Necr           76%        1d7       2%          1
b - Vampiric Draining     Necr           19%        2d7       7%          3

Your spell library contained the following spells:

 Spells                   Type           Power      Damage    Failure   Level
 Animate Dead             Necr           19%        N/A       22%         4
 Curse of Agony           Necr           19%        N/A       52%         5


Dungeon Overview and Level Annotations

Branches:
Dungeon (4/15)
 Temple: D:4-7

Altars:
Trog

Shops:
D:2 (

Annotations:
D:3 Sigmund, Terence
D:4 Blork the orc


Innate Abilities, Weirdness & Mutations

You have a pair of small antennae on your head.
You have large cloven feet.


Message History

Aim: Blork the orc, wielding a +0 dire flail and wearing a +1 robe of willpower (ally target, chance to affect: 45%) Blork the orc resists with some effort.
Blork the orc hits you with a +0 dire flail.
Casting: Necrotise (safe; 2% risk of failure)
Confirm with . or Enter, or press ? or * to list all spells.
You don't have enough magic to cast this spell.
Casting: Necrotise (safe; 2% risk of failure)
Confirm with . or Enter, or press ? or * to list all spells.
You don't have enough magic to cast this spell.
You hit Blork the orc but do no damage.
You kick Blork the orc, but do no damage.
Your kobold skeleton barely misses Blork the orc.
The hobgoblin hits your kobold skeleton.
Blork the orc hits you with a +0 dire flail!
Your magical contamination has completely faded away.
You hit Blork the orc but do no damage. Your kick misses Blork the orc.
Your kobold skeleton barely misses Blork the orc.
Blork the orc closely misses you.
You closely miss Blork the orc. Your kick misses Blork the orc.
Your kobold skeleton hits Blork the orc but does no damage.
The hobgoblin barely misses you. Blork the orc misses you.
You hit Blork the orc.
You kick Blork the orc, but do no damage.
Blork the orc is lightly wounded.
Your kobold skeleton hits Blork the orc.
The hobgoblin completely misses you.
Blork the orc gestures at you while chanting.
The puff of flame hits you!
* * * LOW HITPOINT WARNING * * *
You hit Blork the orc but do no damage. Your kick misses Blork the orc.
Blork the orc is lightly wounded.
The hobgoblin hits you.
* * * LOW HITPOINT WARNING * * *
Blork the orc barely misses you.
Your kobold skeleton closely misses Blork the orc.
You barely miss Blork the orc.
Blork the orc is lightly wounded.
The hobgoblin barely misses you.
Blork the orc hits you with a +0 dire flail!
You die...

..... ...
... ... #
#)#.#
#.####.#.#
#....goZ.#
#####@####
#........#
#.###.##.#
#.# #.# #
#<# #.#
#.# #..
#.# ###
#.. ###


You could see Blork the orc (ally target), a hobgoblin and a friendly kobold
skeleton.

Vanquished Creatures
  A jelly (D:4)
  An orc wizard (D:3)
  2 adders (D:2)
  A dart slug (D:2)
  A ribbon worm (D:3)
  3 orcs
  3 bats
  An endoplasm (D:3)
  2 giant cockroaches
  4 goblins
  3 hobgoblins
  3 jackals (D:3)
  2 quokkas (D:2)
  2 frilled lizards
  5 kobolds
  4 rats
38 creatures vanquished.

Vanquished Creatures (collateral kills)
  An endoplasm (D:2)
  A kobold (D:2)
2 creatures vanquished.

Grand Total: 40 creatures vanquished

Notes
Turn   | Place    | Note
-------+----------+-------------------------------------------
     0 | D:1      | PaiMei the Demonspawn Necromancer began the quest for the
                  | Orb.
     0 | D:1      | Reached XP level 1. HP: 13/13 MP: 3/3
   867 | D:1      | Found a faded altar of an unknown god.
   982 | D:2      | Discovered your monstrous ancestry.
   982 | D:2      | Gained mutation: You have large cloven feet. [demonic
                  | ancestry]
   982 | D:2      | Reached XP level 2. HP: 19/19 MP: 0/5
  1009 | D:2      | Found Asmuj's Antique Weapon Shop.
  1026 | D:2      | Found a bloodstained altar of Trog.
  1292 | D:2      | Gained mutation: You have a pair of small antennae on your
                  | head. [demonic ancestry]
  1292 | D:2      | Reached XP level 3. HP: 25/25 MP: 3/6
  1296 | D:2      | Learned a level 3 spell: Vampiric Draining
  1354 | D:2      | Reached skill level 1 in Fighting
  1712 | D:3      | Noticed Terence
  1879 | D:3      | Noticed Sigmund
  2268 | D:3      | Reached XP level 4. HP: 24/32 MP: 2/8
  2340 | D:3      | Identified the orb "Qiotiwk" {mayhem, Harm Str+6 Int-2}
  3265 | D:4      | Noticed Blork the orc
  3272 | D:4      | Reached skill level 5 in Necromancy
  3278 | D:4      | Mangled by Blork the orc

Illustrated notes

Levels and vault maps discovered:
D:1:      heliophobic_arrival_glass_houses, layout_basic,
          shapermc_ecumenical_altar_petra
D:2:      layout_rooms, basic_altar, serial_shops,
          nicolae_shop_overgrown_old_shop
D:3:      layout_loops_corners, uniq_terence, uniq_sigmund
D:4:      cheibrodos_thug_alley, layout_loops_corners, minmay_fountain_box,
          uniq_blork_the_orc

Skill      XL: |  1  2  3  4 |
---------------+-------------+-----
Stealth        | 2 |  2.0
Dodging        | 2 |  2.7
Fighting       | 1 |  1.7
Necromancy     | 5 |  5.0
Spellcasting   | |  2.8

Action                     |  1- 3 |  4- 6 || total
---------------------------+-------+-------++-------
  Melee: Unarmed           |     7 |       ||     7
         Spear             |    12 |     6 ||    18
         Kick              |     3 |     2 ||     5
   Cast: Necrotise         |    62 |    19 ||    81
 Armour: Robe              |    15 |    11 ||    26
  Dodge: Dodged            |    35 |     6 ||    41
